 Dungeon Crawl Stone Soup version 0.24.0-28-g17ded55e90 (webtiles) character file.

Game seed: 3088710297019454296, levelgen mode: deterministic

275 Delamore the Cleaver (level 6, 0/51 HPs)
             Began as a Hill Orc Fighter on Nov 11, 2019.
             Slain by an orc
             ... wielding a +0 war axe
              (5 damage)
             ... on level 4 of the Dungeon.
             The game lasted 00:03:31 (2732 turns).

Delamore the Cleaver (Hill Orc Fighter)             Turns: 2732, Time: 00:03:31

Health: 0/51       AC:  6    Str: 21    XL:     6   Next: 24%
Magic:  6/6        EV:  7    Int:  8    God:
Gold:   222        SH:  0    Dex: 10    Spells: 5/5 levels left

rFire    + . .     SeeInvis .   r - +1 hand axe (freeze)
rCold    + . .     Gourm    .   c - +0 shield
rNeg     . . .     Faith    .   b - +0 scale mail
rPois    +         Spirit   .   (no helmet)
rElec    +         Reflect  .   (no cloak)
rCorr    +         Harm     .   (no gloves)
MR       .....                  (no boots)
Stlth    ..........             (no amulet)
HPRegen  0.17/turn              (no ring)
MPRegen  0.10/turn              (no ring)

@: confused, resistant, very slightly contaminated, slowed, invisible, very slow
A: no striking features
a: no special abilities


You were on level 4 of the Dungeon.
You were not hungry.

You visited 1 branch of the dungeon, and saw 4 of its levels.

You collected 222 gold pieces.

Inventory:

Hand Weapons
 a - a +0 war axe
 r - a +1 hand axe of freezing (weapon)
Armour
 b - a +0 scale mail (worn)
 c - a +0 shield (worn)
Scrolls
 h - a scroll of teleportation {unknown}
 m - a scroll of remove curse
 n - a scroll of amnesia
 p - a scroll of blinking {unknown}
Potions
 d - a potion of might
 e - a potion of brilliance {unknown}
 g - 2 potions of agility
 i - a potion of heal wounds {unknown}
 l - a potion of lignification {unknown}
 o - a potion of ambrosia {unknown}
 s - a potion of degeneration {unknown}
Comestibles
 f - a ration


   Skills:
 - Level 3.6 Fighting
 + Level 8.4 Axes
 - Level 3.2 Armour
 - Level 3.2 Shields


You had 5 spell levels left.
You didn't know any spells.
Your spell library was empty.

Dungeon Overview and Level Annotations

Branches:
Dungeon (4/15)             Temple (0/1) D:4

Altars:


Message History

It was a potion of invisibility.
You fade into invisibility!
The orc wizard barely misses you. The orc barely misses you.
Something hits you but does no damage. The orc barely misses you.
The orc wizard hits you but does no damage.
The orc hits you but does no damage. The orc closely misses you.
Something hits you but does no damage.
You are very lightly contaminated with residual magic.
It was a potion of resistance.
You feel protected.
The orc wizard hits you but does no damage.
The orc closely misses you.
The orc wizard hits you with a +0 dagger.
* * * LOW HITPOINT WARNING * * *
The orc barely misses you. Something hits you.
* * * LOW HITPOINT WARNING * * *
The orc hits you with a +0 flail.
* * * LOW HITPOINT WARNING * * *
The orc hits you with a +0 war axe.
You die...

##..###.#####....#.####.#
#................#...
#.......###....######
#...................
#.................#
##+#.................#
#....................###
#........##......).....#
#........##....o@o.....#
.........##....{oo......
...########....).....#.#
... ####)).##..... ..
#...# ###.# #...# .
#....# .........
.....P.P#.


You could see an orc wizard and 3 orcs.

Vanquished Creatures
  An orc wizard (D:4)
  Natasha (thrice) (D:2)
  8 gnolls
  An adder (D:2)
  2 oozes
  A worm (D:2)
  A dart slug (D:1)
  A leopard gecko (D:2)
  5 orcs
  A giant cockroach (D:2)
  4 goblins
  7 hobgoblins
  4 quokkas
  A ball python (D:1)
  13 bats
  4 frilled lizards
  9 kobolds
  2 quokka skeletons (D:4)
  15 rats
83 creatures vanquished.

Notes
Turn   | Place    | Note
-------+----------+-------------------------------------------
     0 | D:1      | Delamore the Hill Orc Fighter began the quest for the Orb.
     0 | D:1      | Reached XP level 1. HP: 19/19 MP: 1/1
    17 | D:1      | Reached skill level 3 in Axes
    45 | D:1      | Reached XP level 2. HP: 18/26 MP: 2/2
   264 | D:1      | Reached skill level 4 in Axes
   471 | D:1      | Reached XP level 3. HP: 31/31 MP: 3/3
   723 | D:2      | Reached skill level 5 in Axes
   983 | D:2      | Reached XP level 4. HP: 31/39 MP: 4/4
  1051 | D:2      | Noticed Natasha
  1057 | D:2      | Killed Natasha
  1057 | D:2      | Reached skill level 6 in Axes
  1083 | D:2      | Noticed Natasha
  1089 | D:2      | Killed Natasha
  1155 | D:2      | Reached XP level 5. HP: 42/45 MP: 5/5
  1229 | D:2      | Reached skill level 7 in Axes
  1567 | D:2      | Noticed Natasha
  1583 | D:2      | Killed Natasha
  2430 | D:4      | Reached skill level 8 in Axes
  2430 | D:4      | Reached XP level 6. HP: 34/51 MP: 6/6
  2709 | D:4      | Found a staircase to the Ecumenical Temple.
  2732 | D:4      | Slain by an orc

Levels and vault maps discovered:
D:1:      elethiomel_arrival_shortcut, layout_basic
D:2:      layout_basic, uniq_natasha
D:3:      minmay_chambers_of_twos, layout_loops_cross, led_sif_book,
          uniq_jessica
D:4:      minmay_polygon_palace, layout_basic, dancing_weapons_uskayaw,
          minmay_temple_entry_gardened_gates, first_ration, cheibriados_altar_1

Skill      XL: |  1  2  3  4  5 |
---------------+----------------+-----
Axes           | 3 4 5 6 8 |  8.4
Fighting       | |  3.6
Armour         | |  3.2
Shields        | |  3.2

Action                   |  1- 3 |  4- 6 || total
-------------------------+-------+-------++-------
Melee: War axe           |   128 |    85 ||   213
       Hand axe          |       |    28 ||    28
  Use: Scroll            |     2 |       ||     2
       Potion            |       |     2 ||     2
  Eat: Chunk             |     1 |     5 ||     6
Armor: Scale mail        |    39 |    60 ||    99
       Chain mail        |    16 |       ||    16
Dodge: Dodged            |    38 |    40 ||    78
Block: Shield            |    81 |    51 ||   132
